 Dungeon Crawl Stone Soup version 0.29.1-14-g9c671dbff4 (webtiles) character file.

Game seed: 13815238197867885980

2 leafyfresh the Covert (level 1, 0/20 (23) HPs)
             Began as a Gnoll Delver on Feb 13, 2023.
             Slain by a necrophage (3 damage)
             ... on level 5 of the Dungeon.
             The game lasted 00:00:13 (56 turns).

leafyfresh the Covert (Gnoll Delver)                  Turns: 56, Time: 00:00:13

HP:   0/20 (23)     AC:  3    Str: 11    XL:     1   Next: 30%
MP:   1/1           EV: 13    Int:  9    God:
Gold: 0             SH:  0    Dex: 13    Spells: 0/0 levels left

rFire   . . .      SeeInvis .   a - +0 spear
rCold   . . .      Faith    .   (no shield)
rNeg    . . .      Spirit   .   b - +0 leather armour
rPois   .          Reflect  .   (no helmet)
rElec   .          Harm     .   (no cloak)
rCorr   .          Rampage  .   (no gloves)
Will    .....                   (no boots)
Stlth   ++++......              (no amulet)
HPRegen 0.06/turn               (no ring)
MPRegen 0.07/turn               (no ring)

@: heavily drained
A: fangs 1, strong nose, distributed training
a: no special abilities


You were on level 5 of the Dungeon.
You visited 1 branch of the dungeon, and saw 1 of its levels.

Inventory:

Hand Weapons
 a - a +0 spear (weapon)
Armour
 b - a +0 leather armour (worn)
Wands
 g - a wand of digging (3)
Scrolls
 c - a scroll of fog
 d - a scroll of magic mapping
 e - a scroll of fear
 h - a scroll of immolation {unknown}
 i - a scroll of blinking {unknown}
Potions
 f - a potion of haste


   Skills:
 + Level 6.4 Fighting
 + Level 0.0 Short Blades
 + Level 0.0 Long Blades
 + Level 0.0 Axes
 + Level 0.0 Maces & Flails
 + Level 4.4 Polearms
 + Level 0.0 Staves
 + Level 0.0 Ranged Weapons
 + Level 0.0 Throwing
 + Level 0.0 Armour
 + Level 4.4 Dodging
 + Level 9.5 Stealth
 + Level 0.0 Shields
 + Level 0.0 Unarmed Combat
 + Level 0.0 Spellcasting
 + Level 0.0 Conjurations
 + Level 0.0 Hexes
 + Level 0.0 Summonings
 + Level 0.0 Necromancy
 + Level 0.0 Translocations
 + Level 0.0 Transmutations
 + Level 0.0 Fire Magic
 + Level 0.0 Ice Magic
 + Level 0.0 Air Magic
 + Level 0.0 Earth Magic
 + Level 0.0 Poison Magic
 + Level 0.1 Invocations
 + Level 0.0 Evocations


You couldn't memorise any spells.
You didn't know any spells.
Your spell library was empty.

Dungeon Overview and Level Annotations

Branches:
Dungeon (5/15)
 Temple: D:4-7

Altars:

Shops:
D:5 (


Innate Abilities, Weirdness & Mutations

You have very sharp teeth.
Your uncanny sense of smell can sniff out nearby items.
Your experience applies equally to all skills.


Message History

An orc is nearby!
An orc is nearby!
You reach to attack!
The helpless orc fails to defend itself.
You puncture the orc!
You kill the orc!
No target in view!
No target in view!
You open the door.
There is an open door here.
Found a stone staircase leading down.
No target in view!
A necrophage comes into view.
A necrophage is nearby!
A necrophage is nearby!
A necrophage is nearby!
You reach to attack!
The helpless necrophage fails to defend itself.
You hit the necrophage.
The necrophage is lightly damaged.
You hit the necrophage.
The necrophage is lightly damaged.
The necrophage completely misses you.
You hit the necrophage but do no damage.
The necrophage is lightly damaged.
The necrophage hits you!
You feel drained.
You hit the necrophage.
The necrophage is moderately damaged.
The necrophage hits you.
You feel drained.
You hit the necrophage but do no damage.
The necrophage is moderately damaged.
The necrophage hits you.
You closely miss the necrophage. Your bite misses the necrophage.
The necrophage is moderately damaged.
The necrophage hits you.
* * * LOW HITPOINT WARNING * * *
You hit the necrophage. Your bite misses the necrophage.
The necrophage is heavily damaged.
The necrophage hits you.
You die...

#........#.......#
#........'.......#
###........#.......#
...........#.......#
...........##########
....................#
....................#
....................#
...........>....@n..#
....####+##.........#
....+ #.........#
...># +.........#
##+## #.........#
###########


You could see a necrophage.

Vanquished Creatures
  An orc (D:5)
1 creature vanquished.

Notes
Turn   | Place    | Note
-------+----------+-------------------------------------------
     0 | D:5      | Reached skill level 9 in Stealth
     0 | D:5      | leafyfresh the Gnoll Delver began the quest for the Orb.
     0 | D:5      | Reached XP level 1. HP: 23/23 MP: 1/1
    16 | D:5      | Found Kyam's Weapon Shop.
    44 | D:5      | Noticed a necrophage
    56 | D:5      | Slain by a necrophage

Illustrated notes

Levels and vault maps discovered:
D:5:      layout_gridville, serial_shops, nicolae_shop_bloodbath_and_beyond,
          shop, shop, uniq_eustachio, uniq_grinder

Skill      XL: | |
---------------+-+-----
Stealth        | |  9.5
Fighting       | |  6.4
Polearms       | |  4.4
Dodging        | |  4.4
Invocations    | |  0.1

Action                   || total
-------------------------++-------
Melee: Spear             ||     8
 Stab: Sleeping          ||     2
Dodge: Dodged            ||     1
